 Dungeon Crawl Stone Soup version 0.30-a0-465-g8901f6c8b5 (webtiles) character file.

Game seed: 476922319687787320

1330 p00ps00p the Chopper (level 8, -10/73 HPs)
             Began as a Hill Orc Fighter on Dec 19, 2022.
             Mangled by an orc warrior
             ... wielding a +0 glaive
              (15 damage)
             ... on level 6 of the Dungeon.
             The game lasted 00:06:03 (4390 turns).

p00ps00p the Chopper (Hill Orc Fighter)             Turns: 4390, Time: 00:06:03

Health: -10/73     AC:  8    Str: 21    XL:     8   Next: 60%
Magic:  8/8        EV:  7    Int:  8    God:
Gold:   267        SH: 14    Dex: 10    Spells: 7/7 levels left

rFire   . . .      SeeInvis .    a - +5 war axe
rCold   + + .      Faith    .    p - +1 tower shield "Hucown" {rC+ Regen+}
rNeg    . . .      Spirit   .    o - +1 ring mail {rC+}
rPois   .          Reflect  .    (no helmet)
rElec   .          Harm     .    (no cloak)
rCorr   +          Rampage  .    q - +0 pair of gloves
Will    .....                    (no boots)
Stlth   ..........               (no amulet)
HPRegen 1.12/turn                s - ring of resist corrosion
MPRegen 0.11/turn                (no ring)

@: no status effects
A: no striking features
a: no special abilities


You were on level 6 of the Dungeon.
You visited 2 branches of the dungeon, and saw 7 of its levels.

You collected 267 gold pieces.

Inventory:

Hand Weapons
 a - a +5 war axe (weapon)
 e - a +3 antimagic sling
Missiles
 n - a throwing net (quivered)
Armour
 o - a +1 ring mail of cold resistance (worn)
 p - the +1 tower shield "Hucown" (worn) {rC+ Regen+}
   (You acquired it on level 3 of the Dungeon)

   rC:        It protects you from cold.
   Regen:     It increases your rate of health regeneration.
 q - a +0 pair of gloves (worn)
Jewellery
 r - an amulet of faith
 s - a ring of resist corrosion (left hand)
Wands
 b - a wand of flame (28)
 t - a wand of charming (10)
Scrolls
 u - a scroll of fear
Potions
 c - a potion of resistance {unknown}
 d - a potion of might
 f - 4 potions of curing
 g - a potion of lignification
 h - 2 potions of brilliance
 i - a potion of ambrosia {unknown}
 j - a potion of invisibility {unknown}
 k - a potion of cancellation {unknown}
 l - 2 potions of mutation
 m - a potion of degeneration {unknown}
 v - a potion of haste {unknown}
 w - a potion of heal wounds {unknown}


   Skills:
 + Level 7.1 Fighting
 + Level 7.2 Axes
 + Level 6.4 Armour
 + Level 6.5 Shields


You had 7 spell levels left.
You didn't know any spells.
Your spell library contained the following spells:

 Spells                   Type           Power      Damage    Failure   Level
 Ensorcelled Hibernation  Hex/Ice        0%         N/A       100%        2
 Spider Form              Tmut/Pois      0%         N/A       100%        3
 Anguish                  Hex/Necr       0%         N/A       100%        4
 Passage of Golubria      Tloc           0%         N/A       100%        4
 Silence                  Hex/Air        0%         N/A       100%        5
 Lehudib's Crystal Spear  Conj/Erth      0%         10d2      100%        8


Dungeon Overview and Level Annotations

Branches:
Dungeon (6/15)             Temple (1/1) D:4

Altars:
Cheibriados
Dithmenos
Elyvilon
Fedhas
Hepliaklqana
Kikubaaqudgha
Makhleb
Nemelex Xobeh
Okawaru
Qazlal
Trog
Wu Jian
Xom
Yredelemnul
Ignis

Shops:
D:2 (   D:6 :


Message History

Unknown command.
You are too injured to fight recklessly!
Unknown command.
You are too injured to fight recklessly!
You slash the orc!
You kill the orc!
You hit the orc wizard.
The orc wizard hits you with a +0 dagger.
You block the orc warrior's attack. x2
The orc wizard hits you but does no damage.
You block the orc wizard's attack. You block the orc warrior's attack.
Things that are here:
a +0 mace; an orc corpse You hit the orc wizard.
The orc wizard is severely wounded.
You block the orc wizard's attack. You block the orc warrior's attack.
You slash the orc wizard!
You kill the orc wizard!
The orc warrior hits you from afar with a +0 glaive!
* * * LOW HITPOINT WARNING * * *
The orc warrior barely misses you.
The orc warrior hits you with a +0 glaive.
* * * LOW HITPOINT WARNING * * *
Things that are here:
a +0 dagger; a +0 robe The orc warrior hits you with a +0 glaive.
* * * LOW HITPOINT WARNING * * *
You see here a +0 giant spiked club.
You completely miss the orc warrior. The orc warrior barely misses you.
You slice the orc warrior!!
The orc warrior is heavily wounded.
You block the orc warrior's attack. The orc warrior completely misses you.
You barely miss the orc warrior.
The orc warrior is heavily wounded.
The orc warrior hits you with a +0 glaive!
* * * LOW HITPOINT WARNING * * *
You slash the orc warrior!
The orc warrior is almost dead.
The orc warrior hits you with a +0 glaive!
You die...

#.)...................#.###
....................#.#.#
#####.#...............#.#
..................#.#.#.#
......................#.#
..........#.#...........#
#####.. ...............##
... # #.#..).####### ###
#..)@# # #...o# # ........#
# #.#....$.# . ........#
.......#.# #.##...#.# ..
...##.#


You could see an orc warrior.

Vanquished Creatures
  2 black bears
  An ice beast (D:5)
  3 ogres
  A phantom (D:5)
  A kobold brigand (D:6)
  2 necrophages
  A scorpion (D:6)
  4 wights (D:6)
  A hound (D:5)
  2 iguanas (D:5)
  2 orc wizards
  4 adders
  2 worms
  2 dart slugs
  13 orcs
  4 bats
  6 endoplasms
  3 giant cockroaches
  12 goblins
  A hobgoblin (D:1)
  4 jackals (D:2)
  A quokka (D:1)
  8 ball pythons
  3 frilled lizards
  20 kobolds
  4 rats
  3 bushes (D:1)
110 creatures vanquished.

Vanquished Creatures (others)
  9 plants (D:1)
9 creatures vanquished.

Grand Total: 119 creatures vanquished

Notes
Turn   | Place    | Note
-------+----------+-------------------------------------------
     0 | D:1      | p00ps00p the Hill Orc Fighter began the quest for the Orb.
     0 | D:1      | Reached XP level 1. HP: 19/19 MP: 1/1
   201 | D:1      | Found a faded altar of an unknown god.
   259 | D:1      | Reached XP level 2. HP: 27/27 MP: 2/2
  1160 | D:2      | Found Seinuoda's Weapon Boutique.
  1203 | D:2      | Reached XP level 3. HP: 33/33 MP: 3/3
  2178 | D:3      | Found a snail-covered altar of Cheibriados.
  2207 | D:3      | Reached XP level 4. HP: 37/40 MP: 4/4
  2251 | D:3      | Identified a scroll of acquirement
  2251 | D:3      | Acquired the +1 tower shield "Hucown" {rC+ Regen+}
  2515 | D:4      | Noticed a black bear
  2529 | D:4      | Killed a black bear
  2530 | D:4      | Reached XP level 5. HP: 33/47 MP: 5/5
  2968 | D:4      | Found a staircase to the Ecumenical Temple.
  2980 | Temple   | Entered the Ecumenical Temple
  3172 | D:4      | Reached skill level 5 in Fighting
  3172 | D:4      | Reached XP level 6. HP: 56/56 MP: 6/6
  3179 | D:5      | Entered Level 5 of the Dungeon
  3227 | D:5      | Reached skill level 5 in Axes
  3448 | D:5      | Noticed a black bear
  3456 | D:5      | Reached skill level 5 in Armour
  3456 | D:5      | Reached skill level 5 in Shields
  3456 | D:5      | Reached XP level 7. HP: 53/61 MP: 7/7
  3470 | D:5      | Identified the +7 sling of the Hidden Beds {flame, Fragile
                  | rC++ Str+7}
  3674 | D:5      | Reached XP level 8. HP: 37/71 MP: 8/8
  3730 | D:6      | Found Ykluom Beicy's Book Boutique.
  4256 | D:6      | Found a shimmering altar of Xom.
  4390 | D:6      | Mangled by an orc warrior

Illustrated notes

Levels and vault maps discovered:
D:1:      nicolae_arrival_somewhat_less_tricky_arrival, layout_loops_corners,
          shapermc_ecumenical_altar_starsandcircs, lexackson_kobold_supper
D:2:      layout_rooms, serial_shops, shop, chequers_serial_rivers_room_b,
          patterned_corridor
D:3:      layout_basic, cheibriados_altar_1
D:4:      layout_rooms, minmay_temple_entry_crystal_x, serial_park_tiny_1
D:5:      layout_basic, minmay_ogre_servants
D:6:      layout_basic, mainiacjoe_overflow_24_doors,
          gammafunk_ghost_nasty_kobolds, serial_shops, shop, amethyst_killhole,
          uniq_duvessa
Temple:   ebering_untended_altars

Skill      XL: |  1  2  3  4  5  6  7  8 |
---------------+-------------------------+-----
Axes           | 3 4 5 6 7 |  7.2
Fighting       | 4 5 6 7 |  7.1
Shields        | 4 5 6 |  6.5
Armour         | 4 5 6 |  6.4

Action                   |  1- 3 |  4- 6 |  7- 9 || total
-------------------------+-------+-------+-------++-------
Melee: War axe           |   242 |    89 |    67 ||   398
Evoke: Wand              |       |       |     5 ||     5
  Use: Scroll            |     6 |     9 |     5 ||    20
       Potion            |       |       |     1 ||     1
Armor: Scale mail        |    40 |       |       ||    40
       Ring mail         |    28 |    41 |    27 ||    96
Dodge: Dodged            |    57 |    21 |    23 ||   101
Block: Buckler           |    19 |       |       ||    19
       Tower shield      |       |    71 |    63 ||   134

Table legend: (Time is in decaauts)
 A = Elapsed time spent in this place.
 B = Non-inter-level travel time spent in this place.
 C = Inter-level travel time spent in this place.
 D = Time resting spent in this place.
 E = Time spent auto-exploring this place.
 F = Levels seen in this place.
 G = Mean time per level.
                   A        B        C        D        E       F      G
               +--------+--------+--------+--------+--------+-----+--------+
         Total |   4578 |   4477 |    101 |    722 |   2771 |   7 |  654.0 |
       Dungeon |   4490 |   4400 |     90 |    722 |   2708 |   6 |  748.3 |
        Temple |     87 |     76 |     11 |      0 |     63 |   1 |   87.0 |
               +--------+--------+--------+--------+--------+-----+--------+

Top non-repeatable levels by time:
     D:1: 1233 daAuts
     D:4: 842 daAuts
     D:6: 678 daAuts
     D:3: 604 daAuts
     D:5: 586 daAuts
     D:2: 544 daAuts
  Temple: 87 daAuts
